 Dungeon Crawl Stone Soup version 0.32-a0-893-gf85d74f360 (webtiles) character file.

Game seed: 17428730235599319043

452 pokedragonboy the Shield-Bearer (level 7, -3/55 HPs)
             Began as a Formicid Fighter on Apr 3, 2024.
             Slain by an ogre
             ... wielding a +0 giant club
              (25 damage)
             ... on level 4 of the Dungeon.
             The game lasted 00:07:00 (2916 turns).

pokedragonboy the Shield-Bearer (Formicid Fighter)  Turns: 2916, Time: 00:07:01

Health: -3/55      AC: 12    Str: 23    XL:     7   Next: 25%
Magic:  7/7        EV:  8    Int:  7    God:
Gold:   202        SH:  5    Dex: 13    Spells: 6/6 levels left

rFire   + . .        a - +0 battleaxe
rCold   + . .        c - +0 buckler
rNeg    . . .        e - +0 scale mail
rPois   .            (helmet unavailable)
rElec   .            (no cloak)
rCorr   .            j - +2 pair of gloves
SInv    +            (no boots)
Will    .....        (no amulet) Stlth
                     l - ring of protection from cold
HPRegen 0.29/turn    o - ring of protection from fire
MPRegen 0.10/turn

%: clarity
@: mighty
A: permanent stasis, dig shafts and tunnels, antennae 3, four strong arms,
iridescent scales 1, clarity
a: Dig, Shaft Self


You were on level 4 of the Dungeon.
You visited 1 branch of the dungeon, and saw 4 of its levels.

You collected 202 gold pieces.

Inventory:

Hand Weapons
 a - a +0 battleaxe (weapon)
 b - a +0 flail
 p - a +3 hand axe
Armour
 c - a +0 buckler (worn)
 e - a +0 scale mail (worn)
 j - a +2 pair of gloves (worn)
Jewellery
 l - a ring of protection from cold (left hand)
 m - a ring of fire
 o - a ring of protection from fire (right hand)
Scrolls
 i - a scroll of torment {unknown}
 k - a scroll of teleportation {unknown}
Potions
 f - a potion of curing
 g - 2 potions of brilliance {unknown}
 h - a potion of attraction
 n - a potion of mutation
 q - a potion of heal wounds
 r - a potion of resistance {unknown}
 s - a potion of haste {unknown}


   Skills:
 + Level 4.8 Fighting
 * Level 4.8 Axes
 + Level 4.7 Armour
 + Level 5.7 Shields


You had 6 spell levels left.
You didn't know any spells.
Your spell library contained the following spells:

 Spells                   Type           Power      Damage    Failure   Level
 Call Imp                 Summ           0%         N/A       90%         2
 Sublimation of Blood     Necr           0%         N/A       90%         2
 Frozen Ramparts          Ice            0%         1d1       99%         3
 Ozocubu's Armour         Ice            0%         N/A       99%         3
 Metabolic Englaciation   Hex/Ice        0%         N/A       100%        5
 Summon Hydra             Summ           0%         N/A       100%        7


Dungeon Overview and Level Annotations

Branches:
Dungeon (4/15)
 Temple: D:4-7

Altars:
Okawaru
Yredelemnul

Annotations:
D:4 3 runed translucent doors, porpoise's ghost, amateur HuHu


Innate Abilities, Weirdness & Mutations

You cannot be hasted, slowed, berserked, paralysed or teleported.
You can dig through walls and to a lower floor.
You have a pair of large antennae on your head. (SInv)
Your four strong arms can wield two-handed weapons with a shield.
You are partially covered in iridescent scales. (AC +2)
You possess an exceptional clarity of mind.


Message History

The black bear bites you. The black bear claws you.
The black bear barely misses you. The black bear closely misses you. x2
The black bear claws you.
Unknown command.
You slash the black bear!
You kill the black bear!
You have reached level 7!
You start resting.
HP restored.
There is a stone staircase leading down, spattered with blood here.
Done exploring.
You see here a +0 club.
There is a stone staircase leading down here.
You climb downwards.
Level annotation: 3 runed translucent doors, porpoise's ghost, amateur HuHu
There is a stone staircase leading up here.
You now have 202 gold pieces (gained 13).
An ogre is nearby!
The ogre shouts!
An ogre is nearby!
You hit the ogre.
The ogre is lightly wounded.
The ogre hits you with a +0 giant club!
You barely miss the ogre.
The ogre is lightly wounded.
The ogre barely misses you. The ogre hits you with a +0 giant club!
You barely miss the ogre.
The ogre is lightly wounded.
The ogre hits you with a +0 giant club!
You are too injured to fight recklessly!
You are too injured to fight recklessly!
You are too injured to fight recklessly!
You are too injured to fight recklessly!
Unknown command.
You barely miss the ogre.
The ogre is lightly wounded.
Okay, then.
You feel very mighty all of a sudden.
The ogre hits you with a +0 giant club!!
You die...

#....### #....................
####.#.#######################
#!.+....# #..<..........##
#$.+.._.#######.#.#######.....
#W.+....##........#<[.........
####.#.########...#.#.........
#....### #....#...............
#.#### #............#.......
###'########...@........#.......
#.#............O.....##.#.......
#.#.#....##..........# .#.......
##.#.#....#...........# .#.......
.....#..........##.############..
.#...#.##.......##.##...##....###
###........<.รท..+....#......#.#
.......##.......##....#....#..#
).).#..#........##....)#..#...#


You could see an ogre.

Vanquished Creatures
  A black bear (D:3)
  A howler monkey (D:3)
  A hound (D:4)
  A jelly (D:3)
  An orc priest (D:3)
  3 orc wizards (D:3)
  A hound zombie (D:4)
  4 gnolls (D:3)
  An adder (D:3)
  An adder zombie (D:4)
  3 dart slugs
  6 orcs
  11 ball pythons
  3 endoplasms
  3 giant cockroaches
  3 goblins
  9 hobgoblins
  3 jackals (D:3)
  6 quokkas
  6 bats
  2 frilled lizards
  6 kobolds
  5 rats
81 creatures vanquished.

Notes
Turn   | Place    | Note
-------+----------+-------------------------------------------
     0 | D:1      | pokedragonboy the Formicid Fighter began the quest for the
                  | Orb.
     0 | D:1      | Reached XP level 1. HP: 18/18 MP: 1/1
    74 | D:1      | Reached XP level 2. HP: 23/24 MP: 2/2
   358 | D:1      | Reached XP level 3. HP: 28/29 MP: 3/3
   900 | D:2      | Gained mutation: You are frail. (-10% HP) [potion of
                  | mutation]
   901 | D:2      | Lost mutation: You are frail. (-10% HP) [potion of
                  | mutation]
   901 | D:2      | Gained mutation: Your body sometimes deteriorates upon
                  | taking damage. [potion of mutation]
   901 | D:2      | Gained mutation: Your mind is acute. (Int +4, Str/Dex -1)
                  | [potion of mutation]
   902 | D:2      | Lost mutation: Your body sometimes deteriorates upon taking
                  | damage. [potion of mutation]
   902 | D:2      | Lost mutation: Your mind is acute. (Int +4, Str/Dex -1)
                  | [potion of mutation]
   902 | D:2      | Gained mutation: You possess an exceptional clarity of
                  | mind. [potion of mutation]
   902 | D:2      | Gained mutation: You are partially covered in iridescent
                  | scales. (AC +2) [potion of mutation]
  1196 | D:2      | Found a faded altar of an unknown god.
  1426 | D:3      | Reached XP level 4. HP: 37/37 MP: 4/4
  1637 | D:3      | Reached XP level 5. HP: 37/42 MP: 5/5
  1660 | D:3      | Reached skill level 5 in Shields
  1678 | D:4      | Reached XP level 6. HP: 13/48 MP: 6/6
  2533 | D:4      | Found a runed translucent gate.
  2533 | D:4      | Found a runed translucent gate.
  2533 | D:4      | Found a runed translucent gate.
  2533 | D:4      | Noticed porpoise's ghost (amateur HuHu)
  2535 | D:4      | Found a basalt altar of Yredelemnul.
  2562 | D:4      | Found an iron altar of Okawaru.
  2567 | D:4      | Noticed an ogre
  2580 | D:4      | Noticed a black bear
  2684 | D:3      | Killed a black bear
  2685 | D:3      | Reached XP level 7. HP: 23/55 MP: 7/7
  2916 | D:4      | Slain by an ogre

Illustrated notes

Levels and vault maps discovered:
D:1:      roderic_dead_forest, layout_loops_ring, nicolae_titane
D:2:      layout_loops_ring, hellmonk_ecumenical_altar_pennies_from_heaven,
          palyth_stone_intersect, hangedman_decor_lopped, hex_medium,
          st_stairs_14
D:3:      layout_rooms, feat_on_display
D:4:      layout_basic, nicolae_yredelemnul_ghost_church,
          okawaru_ov_weapons_minmay, serial_shops, shop,
          hangedman_decor_slide_cut

Skill      XL: |  1  2  3  4  5  6 |
---------------+-------------------+-----
Axes           | 3 4 |  4.8
Fighting       | 4 |  4.8
Armour         | 4 |  4.7
Shields        | 5 |  5.7

Action                     |  1- 3 |  4- 6 |  7- 9 || total
---------------------------+-------+-------+-------++-------
  Melee: War axe           |   110 |       |       ||   110
         Battleaxe         |    12 |    31 |     4 ||    47
         Hand axe          |       |    90 |       ||    90
    Use: Potion            |     3 |       |     1 ||     4
         Scroll            |     1 |     4 |       ||     5
 Armour: Scale mail        |    87 |   108 |     4 ||   199
  Dodge: Dodged            |    66 |    57 |     1 ||   124
  Block: Buckler           |    39 |    35 |       ||    74

Table legend: (Time is in decaauts)
 A = Elapsed time spent in this place.
 B = Non-inter-level travel time spent in this place.
 C = Inter-level travel time spent in this place.
 D = Time resting spent in this place.
 E = Time spent auto-exploring this place.
 F = Levels seen in this place.
 G = Mean time per level.
                   A        B        C        D        E       F      G
               +--------+--------+--------+--------+--------+-----+--------+
         Total |   2997 |   2889 |    108 |    393 |   1791 |   4 |  749.2 |
       Dungeon |   2997 |   2889 |    108 |    393 |   1791 |   4 |  749.2 |
               +--------+--------+--------+--------+--------+-----+--------+

Top non-repeatable levels by time:
     D:3: 969 daAuts
     D:1: 718 daAuts
     D:2: 666 daAuts
     D:4: 642 daAuts
